Map: Prion Terraces

Players

HeavyFresh - Winner!

  • Race: Protoss Protoss
  • League: Master

Jubio

  • Race: Terran Terran
  • League: Master

VOD

Have the link to the VOD?

Description

Time

  • Played on: Jan. 7, 2016, 6:43 p.m.
  • Length: 9:34
Show
View Real Time Build Order
Export as new Build Order

HeavyFresh Protoss - Winner!

Build Orders: Oracle Opening 

Get SALT Encoding   

  12  0:01  Probe (Chrono Boost)  
  13  0:12  Probe (Chrono Boost)  
  14  0:17  Pylon  
  14  0:22  Probe (Chrono Boost)  
  15  0:35  Probe (Chrono Boost)  
  16  0:38  Gateway  
  16  0:46  Probe (Chrono Boost)  
  17  0:52  Assimilator  
  17  0:56  Probe (Chrono Boost)  
  18  0:57  Pylon  
  18  1:08  Probe (Chrono Boost)  
  19  1:14  Assimilator  
  19  1:19  Probe (Chrono Boost)  
  19  1:25  Cybernetics Core  
  20  1:29  Probe (Chrono Boost)  
  21  1:40  Probe (Chrono Boost)  
  22  1:51  Probe (Chrono Boost)  
  22  1:54  Pylon  
  24  2:01  Adept  
  24  2:04  Mothership Core (Chrono Boost)  
  27  2:12  Warp Gate  
  26  2:28  Adept  
  28  2:31  Probe (Chrono Boost)  
  28  2:34  Stargate  
  29  2:42  Probe (Chrono Boost)  
  30  2:52  Probe (Chrono Boost)  
  30  2:53  Pylon  
  32  3:05  Probe (Chrono Boost)  
  32  3:16  Pylon  
  32  3:20  Pylon  
  32  3:21  Pylon  
  32  3:27  Probe (Chrono Boost), Oracle (Chrono Boost)  
  33  3:32  Adept, Pylon  
  38  3:39  Probe  
  39  3:51  Probe  
  40  3:59  Oracle (Chrono Boost)  
  41  4:03  Probe  
  42  4:15  Probe  
  43  4:27  Probe  
  43  4:30  Nexus  
  43  4:31  Void Ray (Chrono Boost)  
  46  4:39  Probe  
  45  4:51  Probe  
  43  5:01  Adept  
  43  5:06  Gateway  
  44  5:10  Gateway  
  44  5:13  Probe  
  45  5:23  Void Ray (Chrono Boost)  
  45  5:25  Probe  
  47  5:33  Robotics Facility  
  47  5:41  Pylon  
  47  5:42  Probe  
  48  5:47  Gateway  
  48  5:52  Probe  
  48  5:54  Probe  
  50  6:02  Probe  
  51  6:06  Probe  
  52  6:13  Probe  
  53  6:28  Probe  
  53  6:30  Probe, Warp Prism (Chrono Boost)  
  57  6:35  Adept x3  
  57  6:39  Probe  
  63  6:42  Probe, Pylon  
  65  6:49  Gateway  
  65  6:50  Gateway  
  65  6:54  Gateway  
  65  6:56  Gateway  
  65  6:58  Probe  
  65  6:59  Probe  
  67  7:08  Adept x3  
  73  7:37  Adept x2  
  73  7:40  Pylon  
  73  7:42  Pylon  
  77  7:52  Nexus  
  77  7:54  Pylon  
  77  7:57  Pylon  
  75  8:05  Adept x6  
  85  8:07  Probe  
  85  8:09  Probe  
  75  8:25  Adept x4  
  75  8:26  Adept x4  
  91  8:33  Probe  
  87  8:34  Probe  
  87  8:40  Forge  
  79  8:43  Probe  
  79  8:45  Assimilator  
  79  8:46  Probe  
  79  8:47  Forge, Assimilator  
  81  8:52  Forge  
  73  9:09  Adept x4  
  79  9:10  Adept x4  
  87  9:28  Assimilator  
  87  9:30  Assimilator  
Show
View Real Time Build Order
Export as new Build Order

Jubio Terran 

Build Orders: Reaper Expand, MMM Bio 

Get SALT Encoding   

  12  0:01  SCV  
  13  0:13  SCV  
  14  0:17  Supply Depot  
  14  0:25  SCV  
  15  0:39  SCV, Barracks  
  16  0:43  Refinery  
  16  0:51  SCV  
  17  1:03  SCV  
  18  1:16  SCV  
  19  1:27  Reaper  
  19  1:28  Orbital Command  
  20  1:42  Command Center  
  20  1:54  SCV  
  20  1:55  Supply Depot  
  20  2:01  Barracks Reactor  
  21  2:06  SCV  
  22  2:19  SCV  
  22  2:21  Factory  
  23  2:24  Refinery  
  23  2:31  SCV  
  23  2:35  Bunker  
  23  2:37  Marine x2  
  24  2:43  SCV  
  27  2:54  Marine  
  27  2:55  SCV, Marine  
  27  2:56  Orbital Command  
  30  3:06  Factory Tech Lab  
  30  3:12  Marine  
  31  3:13  Barracks, Marine  
  31  3:16  SCV  
  32  3:28  SCV x2  
  32  3:30  Siege Tank, Marine  
  36  3:55  Marine x2  
  36  4:02  Barracks Tech Lab  
  34  4:07  Cyclone  
  37  4:13  Marine x2  
  26  4:28  SCV x2  
  27  4:38  Stimpack  
  23  4:54  SCV  
  23  4:55  SCV  
  25  5:10  Factory Reactor, Marine x3  
  25  5:13  SCV  
  29  5:27  SCV x2  
  31  5:29  Marine x3  
  34  5:39  SCV x2  
  36  5:43  Supply Depot  
  36  5:46  Marine  
  36  5:47  Marine x2  
  39  5:52  Starport  
  39  5:54  SCV x2  
  41  6:04  Marine  
  41  6:05  Marine x2  
  41  6:06  SCV x2  
  46  6:11  Supply Depot  
  46  6:23  Marine  
  46  6:24  Marine x2  
  44  6:30  SCV x2  
  45  6:41  Marine  
  45  6:42  SCV x2, Marine  
  45  6:43  Marine  
  50  6:48  Medivac x2  
  50  6:52  Supply Depot x2  
  54  6:54  SCV x2  
  54  6:58  Marine  
  57  7:07  Marine  
  57  7:08  Marine  
  58  7:09  SCV x2  
  58  7:14  Supply Depot  
  61  7:22  Marine  
  59  7:25  Marine  
  59  7:26  Marine  
  59  7:27  Combat Shields  
  57  7:35  Viking  
  58  7:37  Viking  
  58  7:38  SCV x2  
  58  7:44  Marine x3  
  62  7:50  SCV  
  66  7:51  SCV  
  67  7:59  Supply Depot  
  67  8:02  SCV  
  67  8:03  SCV  
  67  8:05  Marine x3  
  44  8:35  SCV x2  
  45  8:45  Marauder, Medivac x2, Marine x2  
  53  8:48  SCV x2, Barracks  
  46  9:10  Marauder, Marine x2  
Tags
 
Add a new tag
Caveats
  • Supply blocks, unpowered buildings, or Contaminate may cause inaccurate times.
  • Supply counts are checked every 10 seconds.